 Dungeon Crawl Stone Soup version 0.29-a0-352-g0917bc69df (webtiles) character file.

Game seed: 4506488515022698224

192 Colgate the Cutter (level 6, -8/39 HPs)
             Began as a Kobold Brigand on Apr 24, 2022.
             Was a Follower of Sif Muna.
             Killed by nerve-wracking pain
             ... invoked by Menkaure
              (11 damage)
             ... on level 4 of the Dungeon.
             The game lasted 00:09:17 (2883 turns).

Colgate the Cutter (Kobold Brigand)                 Turns: 2883, Time: 00:09:18

Health: -8/39      AC: 28    Str:  9    XL:     6   Next: 2%
Magic:  6/6        EV:  2    Int: 15    God:    Sif Muna [*.....]
Gold:   188        SH:  0    Dex: 18    Spells: 5/5 levels left

rFire   . . .      SeeInvis .   a - +2 dagger
rCold   + . .      Faith    .   (no shield)
rNeg    . . .      Spirit   .   o - +10 plate armour of the Sparrow {rElec rC+ Int+3}
rPois   .          Reflect  .   k - +2 helmet
rElec   +          Harm     .   c - +0 cloak
rCorr   .          Rampage  .   f - +0 pair of gloves
Will    .....                   n - +2 pair of boots
Stlth   ..........              (no amulet)
HPRegen 0.13/turn               (no ring)
MPRegen 0.10/turn               (no ring)

@: no status effects
A: small, no large weapons, nightstalker 3
a: Renounce Religion, Channel Magic


You were on level 4 of the Dungeon.
You worshipped Sif Muna.
Sif Muna was aware of your devotion.
You visited 1 branch of the dungeon, and saw 4 of its levels.

You collected 188 gold pieces.

Inventory:

Hand Weapons
 a - a +2 dagger (weapon)
 b - the +8 whip of Infection {vorpal, rElec rPois rC+ rCorr}
   (You found it on level 3 of the Dungeon)

   It inflicts extra damage upon your enemies.
   rC:        It protects you from cold.
   rElec:     It insulates you from electricity.
   rPois:     It protects you from poison.
   rCorr:     It protects you from acid and corrosion.
Missiles
 d - 16 poisoned darts (quivered)
 e - 3 curare-tipped darts
Armour
 c - a +0 cloak (worn)
 f - a +0 pair of gloves (worn)
 g - a +0 ring mail
 k - a +2 helmet (worn)
 m - a +0 robe
 n - a +2 pair of boots (worn)
 o - the +10 plate armour of the Sparrow (worn) {rElec rC+ Int+3}
   (You found it on level 2 of the Dungeon)

   Int:       It affects your intelligence (+3).
   rC:        It protects you from cold.
   rElec:     It insulates you from electricity.
Scrolls
 h - a scroll of magic mapping {@r5}
 i - a scroll of blinking {unknown}
 l - 3 scrolls of teleportation {unknown}
Potions
 j - 4 potions of curing {@q1}
 p - a potion of degeneration {unknown}
 q - a potion of invisibility {unknown}


   Skills:
 - Level 4.3 Fighting
 - Level 6.0 Short Blades
 - Level 2.1 Throwing
 + Level 0.0 Armour
 - Level 1.2 Dodging
 - Level 5.3 Stealth


You had 5 spell levels left.
You didn't know any spells.
Your spell library contained the following spells:

 Spells                   Type           Power      Damage    Failure   Level
 Ozocubu's Armour         Ice            0%         N/A       100%        3
 Olgreb's Toxic Radiance  Pois           0%         N/A       100%        4
 Metabolic Englaciation   Hex/Ice        0%         N/A       100%        5
 Simulacrum               Ice/Necr       0%         N/A       100%        6
 Ozocubu's Refrigeration  Ice            0%         4d5       100%        7
 Ignition                 Fire           0%         3d3       100%        8


Dungeon Overview and Level Annotations

Branches:
Dungeon (4/15)
 Temple: D:4-7

Altars:
Sif Muna

Shops:
D:2 (

Annotations:
D:3 2 transporters, ouz's ghost, amateur VSBr
D:4 Menkaure


Innate Abilities, Weirdness & Mutations

You are small and have problems with some larger weapons.
You are completely attuned to the shadows.


Message History

You are too injured to fight recklessly!
You are too injured to fight recklessly!
You are too injured to fight recklessly!
You are too injured to fight recklessly!
You are too injured to fight recklessly!
You are too injured to fight recklessly!
You are too injured to fight recklessly!
You are too injured to fight recklessly!
You are too injured to fight recklessly!
You are too injured to fight recklessly!
You are too injured to fight recklessly!
You are too injured to fight recklessly!
Menkaure screams, "Why can't you leave me to my rest?"
You hit Menkaure but do no damage. You punch Menkaure. Menkaure hits you.
You hit Menkaure. You hit Menkaure.
Menkaure gestures wildly while chanting.
Menkaure seems to speed up.
You hit Menkaure. You punch Menkaure, but do no damage.
Menkaure shrieks, "Why can't you leave me to my rest?"
Menkaure hits you but does no damage.
You hit Menkaure but do no damage. Menkaure hits you but does no damage.
You barely miss Menkaure. Menkaure hits you.
You hit Menkaure but do no damage. Menkaure hits you but does no damage.
You hit Menkaure. You hit Menkaure. Menkaure hits you but does no damage.
You barely miss Menkaure. Menkaure hits you but does no damage.
You barely miss Menkaure. Menkaure hits you but does no damage.
You hit Menkaure. Menkaure hits you!
* * * LOW HITPOINT WARNING * * *
You hit Menkaure. Menkaure hits you but does no damage.
You hit Menkaure.
Menkaure calls on the powers of darkness!
Your body is wracked with pain!
* * * LOW HITPOINT WARNING * * *
You hit Menkaure but do no damage. You hit Menkaure.
Menkaure points at you and mumbles some strange words.
Pain shoots through your body!
You die...

#...# . #.#.#.#
#.#.#.#
.########.#.#.#
..........#.#.#
..)..<....#.#.#
............# #
..........###.#
...M@.........#
..........###..
.........####
#............
....>.......#
..#.......###..
###..#
#..........# #.
.....#
...##......#
.....##
#..#.......


You could see Menkaure (fast).

Vanquished Creatures
  A phantom (D:4)
  A hound (D:4)
  Natasha (D:3)
  3 adders
  An adder skeleton (D:2)
  2 worms
  A dart slug (D:2)
  An orc (D:4)
  A bat skeleton (D:2)
  2 endoplasms
  3 goblins
  4 hobgoblins
  4 kobolds
  A quokka (D:1)
  A ball python skeleton (D:2)
  3 bats
  2 rats
32 creatures vanquished.

Vanquished Creatures (others)
  5 plants (D:3)
5 creatures vanquished.

Grand Total: 37 creatures vanquished

Notes
Turn   | Place    | Note
-------+----------+-------------------------------------------
     0 | D:1      | Colgate the Kobold Brigand began the quest for the Orb.
     0 | D:1      | Reached XP level 1. HP: 12/12 MP: 1/1
   133 | D:1      | Reached skill level 3 in Short Blades
   312 | D:1      | Reached XP level 2. HP: 17/17 MP: 2/2
   369 | D:1      | You fall into a shaft and drop 1 floor!
   762 | D:1      | Reached skill level 4 in Short Blades
  1065 | D:2      | Reached XP level 3. HP: 17/21 MP: 3/3
  1131 | D:2      | Found Jekhoxuere's Weapon Shoppe.
  1266 | D:2      | Found a faded altar of an unknown god.
  1268 | D:2      | Prayed at the altar of an unknown god.
  1268 | D:2      | Became a worshipper of Sif Muna the Loreminder
  1268 | D:2      | Reached * piety under Sif Muna
  1274 | D:2      | Reached skill level 5 in Short Blades
  1544 | D:2      | Identified the +10 plate armour of the Sparrow {rElec rC+
                  | Int+3}
  1627 | D:3      | Found a transporter.
  1741 | D:3      | Reached XP level 4. HP: 26/26 MP: 4/4
  1820 | D:3      | Noticed Natasha
  1834 | D:3      | Killed Natasha
  1835 | D:3      | Reached skill level 6 in Short Blades
  2129 | D:3      | Identified the +8 whip of Infection {vorpal, rElec rPois
                  | rC+ rCorr}
  2357 | D:3      | Identified the +0 spear of Gluttony {vamp, rN+ MP-9 Str+2
                  | Int+4}
  2357 | D:3      | Identified the +1 ring mail of Mon Irph {rElec Will++}
  2357 | D:3      | Noticed a gnoll sergeant
  2547 | D:3      | Found a transporter.
  2561 | D:3      | Noticed ouz's ghost (amateur VSBr)
  2741 | D:4      | Reached XP level 5. HP: 25/32 MP: 5/5
  2841 | D:4      | Noticed a phantom
  2858 | D:4      | Killed a phantom
  2859 | D:4      | Reached XP level 6. HP: 39/39 MP: 6/6
  2864 | D:4      | Noticed Menkaure
  2883 | D:4      | Killed from afar by Menkaure

Illustrated notes

Levels and vault maps discovered:
D:1:      sevenhm_arrival_forest_fort_small_5, layout_loops_ring
D:2:      layout_rooms, serial_undead, serial_undead_f, serial_undead_d,
          serial_undead_c, serial_undead_f, serial_undead_e, serial_undead_d,
          shapermc_ecumenical_altar_venn, serial_shops, shop,
          small_statue_intersection
D:3:      layout_loops_ring, gammafunk_ghost_gnarly_gnolls, hex_large,
          uniq_natasha
D:4:      layout_rooms, minmay_temple_entry_arrows, serial_co_window_serial,
          co_window_corner_a, co_window_of_opportunity_a, co_window_paths_a,
          co_window_paths_b, co_window_paths_a, co_window_corner_b,
          co_window_unsneaky_path_d, co_window_broadway_b, co_window_paths_c,
          co_window_paths_e, co_window_4corner_a, glass_columns_a,
          glass_columns_a, glass_columns_c, uniq_menkaure, uniq_pikel

Skill      XL: |  1  2  3  4  5 |
---------------+----------------+-----
Short Blades   | 3 4 5 6 |  6.0
Fighting       | 3 4 |  4.3
Throwing       | |  2.1
Dodging        | |  1.2
Stealth        | |  5.3

Action                   |  1- 3 |  4- 6 || total
-------------------------+-------+-------++-------
Melee: Dagger            |    71 |    82 ||   153
       Punch             |     2 |     4 ||     6
       Whip              |       |     1 ||     1
  Use: Scroll            |     5 |     1 ||     6
 Stab: Sleeping          |     8 |       ||     8
Armor: Ring mail         |    20 |       ||    20
       Plate armour      |    18 |    55 ||    73
Dodge: Dodged            |    33 |     1 ||    34

Table legend: (Time is in decaauts)
 A = Elapsed time spent in this place.
 B = Non-inter-level travel time spent in this place.
 C = Inter-level travel time spent in this place.
 D = Time resting spent in this place.
 E = Time spent auto-exploring this place.
 F = Levels seen in this place.
 G = Mean time per level.
                   A        B        C        D        E       F      G
               +--------+--------+--------+--------+--------+-----+--------+
         Total |   2855 |   2738 |    117 |      0 |   2345 |   4 |  713.8 |
       Dungeon |   2855 |   2738 |    117 |      0 |   2345 |   4 |  713.8 |
               +--------+--------+--------+--------+--------+-----+--------+

Top non-repeatable levels by time:
     D:3: 1101 daAuts
     D:2: 807 daAuts
     D:1: 789 daAuts
     D:4: 157 daAuts
